 Dungeon Crawl Stone Soup version 0.19-a0-1682-g5114f93 (webtiles) character file.

825 Amnesiac the Vexing (level 7, 0/46 HPs)
             Began as a Mummy Enchanter on Sept 25, 2016.
             Was an Initiate of Gozag.
             Slain by an orc priest
             ... wielding a +0 war axe
              (5 damage)
             ... on level 5 of the Dungeon.
             The game lasted 00:12:07 (5501 turns).

Amnesiac the Vexing (Mummy Enchanter)               Turns: 5501, Time: 00:12:08

Health: 0/46       AC:  6    Str: 11    XL:     7   Next: 64%
Magic:  2/10       EV: 17    Int: 16    God:    Gozag
Gold:   692        SH:  0    Dex: 23    Spells: 3 memorised, 3 levels left

rFire  x . .     SeeInvis .     p - +5 dagger of the Purse {pierce, Dex+5}
rCold  + . .     Gourm    .     b - +1 robe
rNeg   + + +     Faith    .     (no shield)
rPois  ∞         Spirit   .     m - +0 helmet
rElec  .         Dismiss  .     (no cloak)
rCorr  .         Reflect  .     (no gloves)
MR     .....     Harm     .     f - +0 pair of boots
Stlth  ++++......               d - amulet of magic regeneration
                                (no ring)
                                (no ring)

@: agile, gold aura, very slightly contaminated, hasted, very quick
A: no food or potions, fire vulnerability, cold resistance 1, negative energy
resistance 3, torment resistance, unbreathing
a: Potion Petition, Call Merchant, Bribe Branch, Renounce Religion


You were on level 5 of the Dungeon.
You worshipped Gozag.
Gozag was pleased with you.
You were not hungry.

You visited 1 branch of the dungeon, and saw 5 of its levels.
You also visited: Sewer.

You collected 738 gold pieces.
You paid 46 gold pieces to Gozag.

Inventory:

Hand Weapons
 p - the +5 dagger of the Purse (weapon) {pierce, Dex+5}
   (You found it on level 4 of the Dungeon)

   It inflicts extra damage upon your enemies.
   It affects your dexterity (+5).
Armour
 b - a +1 robe (worn)
 f - a +0 pair of boots (worn)
 g - a +0 buckler
 m - a +0 helmet (worn)
 q - the cursed +0 leather armour "Rolynosi" {MR+, unknown}
   (You found it on level 5 of the Dungeon)

   It affects your resistance to hostile enchantments.
   It has a curse placed upon it.
Jewellery
 d - an amulet of magic regeneration (around neck)
 o - a +5 amulet of reflection
Wands
 t - a wand of confusion (29/48)
Scrolls
 a - 3 scrolls of identify
 e - a scroll of enchant weapon
 h - 3 scrolls of remove curse
 i - a scroll of teleportation {unknown}
 j - 2 scrolls of recharging {unknown}
 k - a scroll of brand weapon {unknown}
 l - 2 scrolls of magic mapping {unknown}
 n - a scroll of blinking
 r - a scroll of vulnerability {unknown}
 s - a scroll of random uselessness {unknown}
 u - a scroll of enchant armour {unknown}
Books
 c - a book of Maledictions

   Spells                             Type                      Level
   a - Corona                         Hexes                        1
   b - Ensorcelled Hibernation        Hexes/Ice                    2
   c - Confuse                        Hexes                        3
   d - Tukima's Dance                 Hexes                        3
   e - Dazzling Spray                 Conjuration/Hexes            3


   Skills:
 - Level 4.0 Short Blades
 - Level 1.5 Dodging
 + Level 5.0 Stealth
 - Level 2.0 Spellcasting
 - Level 5.4 Hexes


You had 3 spell levels left.
You knew the following spells:

 Your Spells              Type           Power        Failure   Level  Hunger
a - Corona                Hex            ###....      2%          1    N/A
e - Confuse               Hex            ###.....     10%         3    N/A
f - Dazzling Spray        Conj/Hex       ##....       21%         3    N/A

Dungeon Overview and Level Annotations

Branches:
Dungeon (5/15)
 Temple: D:4-7

Altars:
Gozag
Qazlal
Trog
Zin


Innate Abilities, Weirdness & Mutations

You do not eat or drink.
Your flesh is vulnerable to fire.
You are immune to poison.
Your flesh is cold resistant. (rC+)
You are immune to negative energy. (rN+++)
You are immune to unholy pain and torment.
You can survive without breathing.


Message History

Your Stealth skill increases to level 5!
The orc priest miscasts a cantrip.
The orc hits you with a flail!
You hit the orc.
The orc is severely wounded.
The orc closely misses you.
The orc priest calls upon Beogh to heal the orc.
The orc's wounds heal themselves!
You puncture the orc!
You kill the orc!
You hit the orc.
The orc is severely wounded.
The orc hits you with a flail!
* * * LOW HITPOINT WARNING * * *
The orc priest hits you but does no damage.
You hit the orc.
You kill the orc!
You closely miss the orc priest. The orc priest hits you with a war axe.
You die...
Your body crumbles into a pile of gold.

............##....###########.###
............##.....≈≈≈≈)≈≈≈≈.....
....####.#.##......≈≈≈≈.))≈≈..###
(..## #.#..#......≈≈≈≈≈)≈≈≈.##
...### #.>#.......############
.....####.#..........#
......##......!......#
.......#.......o$#####
......<#.......$@#
.......#.......$.#
......##.........# .#...##
.........# ###### ?........#
........# #########


You could see an orc priest.

Vanquished Creatures
  A phantom (D:4)
  A crocodile (Sewer)
  2 centaurs
  A crimson imp (D:5)
  A bullfrog zombie (D:5)
  A bullfrog skeleton (D:4)
  An orc wizard (D:5)
  An iguana (D:4)
  Terence (D:2)
  4 worker ants
  A hound skeleton (D:4)
  A hound zombie (D:5)
  Robin (D:3)
  4 gnolls (D:5)
  7 adders
  2 worms
  8 leopard geckos
  5 orcs
  6 giant cockroaches
  15 goblins
  9 hobgoblins
  A quokka (D:4)
  12 bats
  6 frilled lizards
  9 kobolds
  A quokka skeleton (D:4)
  7 rats
109 creatures vanquished.

Notes
Turn   | Place    | Note
-------+----------+-------------------------------------------
     0 | D:1      | Amnesiac the Mummy Enchanter began the quest for the Orb.
     0 | D:1      | Reached XP level 1. HP: 13/13 MP: 3/3
   357 | D:2      | Reached skill level 1 in Short Blades
   364 | D:3      | Noticed Robin
   594 | D:2      | Noticed Terence
   657 | D:1      | Reached XP level 2. HP: 9/19 MP: 3/5
  1909 | D:1      | Reached XP level 3. HP: 19/24 MP: 3/6
  1914 | D:1      | Learned a level 3 spell: Confuse
  2252 | D:2      | Killed Terence
  2781 | D:2      | Reached XP level 4. HP: 30/30 MP: 3/7
  2825 | D:2      | Learned a level 3 spell: Dazzling Spray
  2942 | D:3      | Found a faded altar of an unknown god.
  3112 | D:3      | Noticed a centaur
  3115 | D:3      | Found an opulent altar of Gozag.
  3121 | D:3      | Became a worshipper of Gozag Ym Sagoz the Greedy
  3128 | D:3      | Killed a centaur
  3128 | D:3      | Reached XP level 5. HP: 27/35 MP: 1/8
  3364 | D:3      | Reached skill level 5 in Hexes
  3580 | D:3      | Killed Robin
  4189 | D:4      | Got a brightly glowing dagger
  4190 | D:4      | Identified the +5 dagger of the Purse {pierce, Dex+5} (You found it on level 4 of the Dungeon)
  4261 | D:4      | Noticed a phantom
  4399 | D:4      | Killed a phantom
  4399 | D:4      | Reached XP level 6. HP: 33/41 MP: 9/9
  4503 | D:4      | Found a glowing silver altar of Zin.
  4670 | D:4      | Found a bloodstained altar of Trog.
  4900 | D:5      | Entered Level 5 of the Dungeon
  4923 | D:5      | Found a stormy altar of Qazlal.
  4979 | D:5      | Got a jasper-studded leather armour
  5018 | D:5      | Reached XP level 7. HP: 46/46 MP: 10/10
  5027 | D:5      | Found a glowing drain.
  5088 | Sewer    | Entered a sewer
  5494 | D:5      | HP: 2/46 [orc/flail (3)]
  5496 | D:5      | Reached skill level 5 in Stealth
  5501 | D:5      | Slain by an orc priest

Vault maps used:
D:1:      co_arrival_square_in_a_square_in_a_square
D:2:      minmay_misc_feat_hallway, minmay_pentomino_q2, uniq_terence
D:3:      nicolae_gozag_cash_rules_everything_around_me, first_bread,
          ecumenical_altar_1, uniq_robin
D:4:      zin_statuary, kennysheep_mini_moat, minmay_stone_trees_small
D:5:      grunt_qazlal_clouds, portal_sewer_entry_f, kennysheep_generic_room_8
Sewer:    sewer_big_baddie

Skill      XL: |  1  2  3  4  5  6  7 |
---------------+----------------------+-----
Hexes          | 3 4 5 |  5.4
Short Blades   | 1 3 4 |  4.0
Stealth        | 3 5 |  5.0
Dodging        | |  1.5
Spellcasting   | |  2.0

Action                   |  1- 3 |  4- 6 |  7- 9 || total
-------------------------+-------+-------+-------++-------
Melee: Dagger            |   151 |   155 |    65 ||   371
 Cast: Corona            |    33 |       |       ||    33
       Confuse           |    13 |    24 |    10 ||    47
       Dazzling Spray    |       |     4 |     4 ||     8
Invok: Potion Petition   |       |       |     1 ||     1
  Use: Scroll            |     3 |     2 |       ||     5
 Stab: Sleeping          |     3 |     8 |     3 ||    14
       Confused          |     4 |    10 |     2 ||    16
       Distracted        |       |     1 |       ||     1
       Invisible         |       |       |     1 ||     1
Armor: Robe              |    31 |    46 |    20 ||    97
Dodge: Dodged            |    72 |    68 |    32 ||   172
